 Dungeon Crawl Stone Soup version 0.28.0-53-g5a82cb258f (webtiles) character file.

Game seed: 18188846766373062346

16653 Sin92 the Cleaver (level 12, -28/94 HPs)
             Began as a Demonspawn Fighter on June 21, 2022.
             Was a High Priest of Okawaru.
             Annihilated by a large slime creature (34 damage)
             ... on level 13 of the Dungeon.
             The game lasted 00:25:25 (10313 turns).

Sin92 the Cleaver (Demonspawn Fighter)             Turns: 10313, Time: 00:25:25

Health: -28/94     AC: 18    Str: 29    XL:     12   Next: 11%
Magic:  16/16      EV: 11    Int:  8    God:    Okawaru [*****.]
Gold:   432        SH: 21    Dex: 19    Spells: 11/11 levels left

rFire   x . .      SeeInvis +   O - +9 broad axe "Nosacy" {freeze, +Blink Str+4 Int-3}
rCold   . . .      Faith    .   i - +2 kite shield
rNeg    + . .      Spirit   .   p - +0 chain mail
rPois   +          Reflect  .   (helmet unavailable)
rElec   .          Harm     .   J - +1 cloak of Horebuet {Regen+ rCorr}
rCorr   +          Rampage  +   e - +2 pair of gloves
Will    .....                   E - +0 pair of boots {rampage}
Stlth   ..........              w - amulet of regeneration
HPRegen 1.85/turn               c - ring of Disegrik {rF- rN+ Str+5 Dex+6}
MPRegen 0.15/turn               C - ring of poison resistance

@: no status effects
A: antennae 3, large bone plates 3, spiny 1, demonic magic 1
a: Renounce Religion, Evoke Blink, Heroism, Finesse, Duel


You were on level 13 of the Dungeon.
You worshipped Okawaru.
Okawaru was extremely pleased with you.
You visited 2 branches of the dungeon, and saw 14 of its levels.

You collected 858 gold pieces.
You spent 426 gold pieces at shops.

Inventory:

Hand Weapons
 a - the +0 flail of a bailey {spect, *Slow rF+ Will+ Str+5}
   (You bought it in a shop on level 8 of the Dungeon)

   When its wielder attacks, the weapon's spirit leaps out and strikes again.
   The spirit shares a part of any damage it takes with its wielder.
   Str:       It affects your strength (+5).
   rF:        It protects you from fire.
   *Slow:     It may slow you when you take damage.
   Will:      It increases your willpower.
 k - a +5 hand axe of flaming
 m - a +3 vorpal broad axe
 D - a +3 flail
 O - the +9 broad axe "Nosacy" (weapon) {freeze, +Blink Str+4 Int-3}
   (Okawaru gifted it to you on level 11 of the Dungeon)

   It freezes those it strikes, dealing additional cold damage.
   It can also slow down cold-blooded creatures.
   Str:       It affects your strength (+4).
   Int:       It affects your intelligence (-3).
   +Blink:    It lets you blink.
Missiles
 n - 5 javelins
 v - 12 boomerangs (quivered)
 G - a throwing net
Armour
 e - a +2 pair of gloves (worn)
 f - a +0 cloak
 i - a +2 kite shield (worn)
 p - a +0 chain mail (worn)
 E - a +0 pair of boots of rampaging (worn)
 I - a +0 plate armour
 J - the +1 cloak of Horebuet (worn) {Regen+ rCorr}
   (You found it on level 9 of the Dungeon)

   Regen:     It increases your rate of health regeneration.
   rCorr:     It protects you from acid and corrosion.
Jewellery
 c - the ring of Disegrik (left hand) {rF- rN+ Str+5 Dex+6}
   (You acquired it on level 3 of the Dungeon)

   [ring of positive energy]

   Str:       It affects your strength (+5).
   Dex:       It affects your dexterity (+6).
   rF:        It makes you vulnerable to fire.
   rN:        It protects you from negative energy.
 t - a ring of protection from fire
 w - an amulet of regeneration (around neck)
 y - a ring of see invisible
 B - a ring of magical power
 C - a ring of poison resistance (right hand)
 N - a +6 ring of intelligence
 R - a ring of protection from cold
Wands
 x - a wand of mindburst (11)
 F - a wand of iceblast (4)
 K - a wand of flame (2)
Scrolls
 g - 2 scrolls of amnesia
 l - a scroll of fear
 o - a scroll of blinking
 q - 2 scrolls of enchant weapon
 s - 3 scrolls of noise
 P - a scroll of vulnerability
 Q - a scroll of enchant armour
 S - a scroll of identify
Potions
 b - a potion of haste {unknown}
 d - 5 potions of might
 h - a potion of brilliance
 j - 4 potions of curing
 r - 2 potions of flight
 u - a potion of mutation
 z - 2 potions of lignification
 A - a potion of cancellation
 H - 2 potions of degeneration
 L - a potion of attraction
 M - a potion of heal wounds


   Skills:
 + Level 8.8 Fighting
 * Level 10.0(10.3) Axes
 - Level 3.9(7.5) Maces & Flails
 + Level 8.0 Armour
 - Level 6.1 Dodging
 + Level 8.0 Shields
 - Level 6.0 Invocations


You had 11 spell levels left.
You didn't know any spells.
Your spell library contained the following spells:

 Spells                   Type           Power      Damage    Failure   Level
 Beastly Appendage        Tmut           0%         N/A       99%         1
 Magic Dart               Conj           0%         1d3       99%         1
 Blink                    Tloc           0%         N/A       100%        2
 Wereblood                Tmut           0%         N/A       100%        2
 Gell's Gravitas          Tloc           0%         N/A       100%        3
 Mephitic Cloud           Conj/Pois/Air  0%         N/A       100%        3
 Spider Form              Tmut/Pois      0%         N/A       100%        3
 Teleport Other           Tloc           0%         N/A       100%        3
 Hailstorm                Conj/Ice       0%         3d3       100%        4
 Ice Form                 Ice/Tmut       0%         N/A       100%        4
 Blade Hands              Tmut           0%         N/A       100%        5
 Borgnjor's Vile Clutch   Necr/Erth      0%         N/A       100%        5
 Manifold Assault         Tloc           0%         N/A       100%        5
 Dispersal                Tloc           0%         N/A       100%        6
 Iron Shot                Conj/Erth      0%         9d1       100%        6
 Storm Form               Tmut/Air       0%         N/A       100%        7
 Disjunction              Tloc           0%         N/A       100%        8
 Call Imp                 Summ           Unusable   N/A       N/A         2
 Animate Armour           Summ/Erth      Unusable   N/A       N/A         4
 Animate Dead             Necr           Unusable   N/A       N/A         4
 Death Channel            Necr           Unusable   N/A       N/A         6
 Simulacrum               Ice/Necr       Unusable   N/A       N/A         6

Dungeon Overview and Level Annotations

Branches:
Dungeon (13/15)            Temple (1/1) D:5            Lair (0/6) D:11
    Orc (0/2) D:12
 Vaults: D:13-14

Altars:
Ashenzari
Cheibriados
Dithmenos
Elyvilon
Fedhas
Gozag
Hepliaklqana
Kikubaaqudgha
Makhleb
Nemelex Xobeh
Okawaru
Qazlal
Ru
Sif Muna
Trog
Uskayaw
Vehumet
Wu Jian
Xom
Yredelemnul
Zin
The Shining One

Shops:
D:8 *   D:9 [

Annotations:
D:4 2 runed translucent doors, youngbrodi3's ghost, amateur GrFi


Innate Abilities, Weirdness & Mutations

You have a pair of large antennae on your head. (SInv)
You are completely covered in large bone plates. (SH +8)
You are partially covered in sharp spines.
Spells you cast may paralyse adjacent enemies.


Message History

The slime creature is severely wounded.
There are monsters nearby!
Unknown command.
You hit the slime creature. You freeze the slime creature.
The slime creature is almost dead.
You hit the slime creature. You freeze the slime creature.
Two slime creatures merge to form a large slime creature.
The slime creature is struck by your spines.
The slime creature hits you but does no damage.
The large slime creature is struck by your spines.
The large slime creature hits you!
Two slime creatures merge to form a large slime creature.
You barely miss the large slime creature.
The large slime creature is heavily wounded.
You hit the large slime creature. You freeze the large slime creature.
The large slime creature hits you!!
You block the large slime creature's attack.
You slash the large slime creature! You freeze the large slime creature!
The large slime creature is severely wounded.
You slash the large slime creature! You freeze the large slime creature.
You block the large slime creature's attack.
The large slime creature hits you!
Unknown command.
You are too injured to fight recklessly!
Unknown command.
You are too injured to fight recklessly!
You hit the large slime creature. You freeze the large slime creature.
The large slime creature is severely wounded.
You slice the large slime creature!! You freeze the large slime creature.
The large slime creature barely misses you.
You block the large slime creature's attack.
You barely miss the large slime creature.
The large slime creature is severely wounded.
You slash the large slime creature! You freeze the large slime creature.
You block the large slime creature's attack.
The large slime creature is struck by your spines.
The large slime creature hits you! The large slime creature hits you!!
* * * LOW HITPOINT WARNING * * *
The large slime creature hits you!!
You die...

...#..... .......
####+##....#
#.<'..#..#.#
+..##.#....###### ##
#..##.##'##.....###...
#.........#.###..... .
#.........#.###J.#....
#####.#####...@J......
#.#....###+#....#.
..#..#. #..# ####. ..
... ### #


You could see 2 large slime creatures.

Vanquished Creatures
  Fannar (D:12)
  A hydra (D:12)
  3 boulder beetles
  An ogre mage (D:12)
  A two-headed ogre (D:12)
  3 skeletal warriors (D:12)
  Pikel (D:5)
  A deep elf pyromancer (D:12)
  2 cyclopes
  An elephant (D:11)
  4 manticores
  A gargoyle (D:12)
  A kobold demonologist (D:12)
  2 trolls
  A hornet (D:11)
  A wyvern (D:8)
  A basilisk (D:11)
  A shadow (D:11)
  7 yaks (D:11)
  A steam dragon (D:8)
  An acid dragon (D:12)
  3 water moccasins (D:7)
  A sky beast (D:5)
  6 orc warriors
  An ice beast (D:5)
  3 black bears
  An ogre (D:5)
  2 lemures (D:5)
  9 centaurs
  2 kobold brigands
  2 gnoll sergeants
  2 wyvern skeletons (D:6)
  4 wights (D:8)
  2 howler monkeys (D:8)
  4 centaur zombies
  3 jellies
  2 hounds
  6 orc priests
  2 centaur skeletons (D:7)
  2 bullfrog skeletons
  A gnoll shaman (D:5)
  Natasha (thrice) (D:2)
  8 orc wizards
  An iguana (D:5)
  A killer bee zombie (D:8)
  A hound skeleton (D:4)
  11 gnolls
  A howler monkey skeleton (D:7)
  7 adders
  A white imp (D:7)
  4 ufetubi
  An adder skeleton (D:4)
  3 dart slugs
  37 orcs
  8 bats
  3 endoplasms
  5 giant cockroaches
  3 goblins
  3 hobgoblins
  4 jackals (D:1)
  5 quokkas
  5 ball pythons
  3 frilled lizards
  17 kobolds
  9 rats
238 creatures vanquished.

Vanquished Creatures (others)
  2 fungi (D:11)
  A plant (D:11)
3 creatures vanquished.

Grand Total: 241 creatures vanquished

Notes
Turn   | Place    | Note
-------+----------+-------------------------------------------
     0 | D:1      | Sin92 the Demonspawn Fighter began the quest for the Orb.
     0 | D:1      | Reached XP level 1. HP: 18/18 MP: 1/1
   398 | D:1      | Gained mutation: You are partially covered in sharp spines.
                  | [demonic ancestry]
   398 | D:1      | Reached XP level 2. HP: 24/24 MP: 2/2
   865 | D:1      | Found a faded altar of an unknown god.
  1117 | D:2      | Reached XP level 3. HP: 29/29 MP: 3/3
  1249 | D:2      | Noticed Natasha
  1256 | D:2      | Killed Natasha
  1257 | D:2      | Reached skill level 1 in Dodging
  1461 | D:2      | Noticed Natasha
  1465 | D:2      | Killed Natasha
  1466 | D:2      | Gained mutation: Spells you cast may paralyse adjacent
                  | enemies. [demonic ancestry]
  1466 | D:2      | Reached XP level 4. HP: 35/35 MP: 4/4
  1553 | D:2      | Noticed Natasha
  1559 | D:2      | Killed Natasha
  1999 | D:3      | Gained mutation: You are partially covered in large bone
                  | plates. (SH +4) [demonic ancestry]
  1999 | D:3      | Reached XP level 5. HP: 35/41 MP: 5/5
  2054 | D:3      | Identified a scroll of acquirement
  2054 | D:3      | Acquired the ring of Disegrik {rF- rN+ Str+5 Dex+6}
  3214 | D:4      | Found a shimmering blue altar of Sif Muna.
  3243 | D:4      | Gained mutation: You have a pair of small antennae on your
                  | head. [demonic ancestry]
  3243 | D:4      | Reached XP level 6. HP: 48/48 MP: 6/6
  3509 | D:4      | Found a broken altar of Ashenzari.
  3586 | D:4      | Found a large runed translucent door.
  3587 | D:4      | Found a large runed translucent door.
  3589 | D:4      | Noticed youngbrodi3's ghost (amateur GrFi)
  3964 | D:5      | Entered Level 5 of the Dungeon
  3984 | D:5      | Found a blossoming altar of Fedhas.
  4009 | D:5      | Reached skill level 1 in Axes
  4009 | D:5      | Gained mutation: You have a pair of antennae on your head.
                  | [demonic ancestry]
  4009 | D:5      | Reached XP level 7. HP: 51/54 MP: 7/7
  4049 | D:5      | Reached skill level 2 in Axes
  4420 | D:5      | Noticed Pikel
  4445 | D:5      | Killed Pikel
  4446 | D:5      | Reached skill level 5 in Fighting
  4446 | D:5      | Reached skill level 3 in Axes
  4446 | D:5      | Reached XP level 8. HP: 49/62 MP: 8/8
  4561 | D:5      | Reached skill level 4 in Axes
  4586 | D:5      | Found a staircase to the Ecumenical Temple.
  4601 | Temple   | Entered the Ecumenical Temple
  4629 | Temple   | Became a worshipper of Warmaster Okawaru
  5095 | D:6      | Reached skill level 5 in Armour
  5224 | D:6      | You fall into a shaft and drop 1 floor!
  5287 | D:7      | Reached skill level 5 in Shields
  5509 | D:7      | Gained mutation: You are mostly covered in large bone
                  | plates. (SH +6) [demonic ancestry]
  5509 | D:7      | Reached XP level 9. HP: 64/68 MP: 9/9
  5520 | D:7      | Reached skill level 5 in Axes
  5635 | D:7      | Reached * piety under Okawaru
  6076 | D:8      | Reached skill level 1 in Invocations
  6345 | D:8      | Found Omeug's Assorted Antiques.
  6430 | D:8      | Bought a polished flail for 246 gold pieces
  6430 | D:8      | Identified the +0 flail of a bailey {spect, *Slow rF+ Will+
                  | Str+5} (You bought it in a shop on level 8 of the Dungeon)
  6852 | D:9      | Found Bumegum's Antique Armour Shoppe.
  6860 | D:9      | Bought a pair of embroidered boots for 180 gold pieces
  7055 | D:9      | Reached ** piety under Okawaru
  7105 | D:9      | Reached skill level 6 in Axes
  7348 | D:9      | Identified the +1 cloak of Horebuet {Regen+ rCorr}
  7477 | D:9      | Found a stormy altar of Qazlal.
  7478 | D:9      | Found a burning altar of Makhleb.
  7483 | D:9      | Found an ornate altar of the Wu Jian Council.
  7483 | D:9      | Found a radiant altar of Vehumet.
  7483 | D:9      | Found a hide-covered altar of Uskayaw.
  7484 | D:9      | Found a shimmering altar of Xom.
  7621 | D:10     | Entered Level 10 of the Dungeon
  7896 | D:10     | Reached skill level 5 in Dodging
  7896 | D:10     | Reached XP level 10. HP: 67/77 MP: 12/12
  7914 | D:10     | Noticed a boulder beetle
  7959 | D:10     | Killed a boulder beetle
  7959 | D:10     | Reached *** piety under Okawaru
  8467 | D:11     | Found a staircase to the Lair.
  8469 | D:11     | Noticed a manticore
  8498 | D:11     | Reached **** piety under Okawaru
  8499 | D:11     | Reached skill level 7 in Axes
  8517 | D:11     | Killed a manticore
  8533 | D:11     | Reached skill level 5 in Invocations
  8538 | D:11     | Received a gift from Okawaru
  8543 | D:11     | Noticed an elephant
  8561 | D:11     | Killed an elephant
  8694 | D:11     | Noticed a manticore
  8706 | D:11     | Killed a manticore
  8706 | D:11     | Reached ***** piety under Okawaru
  8738 | D:11     | Noticed a manticore
  8745 | D:11     | Killed a manticore
  8746 | D:11     | Gained mutation: You are completely covered in large bone
                  | plates. (SH +8) [demonic ancestry]
  8746 | D:11     | Reached XP level 11. HP: 36/84 MP: 15/15
  8825 | D:11     | Reached skill level 8 in Axes
  9123 | D:11     | Identified the +9 broad axe "Nosacy" {freeze, +Blink Str+4
                  | Int-3} (Okawaru gifted it to you on level 11 of the
                  | Dungeon)
  9123 | D:11     | Received a gift from Okawaru
  9234 | D:12     | Noticed a boulder beetle
  9234 | D:12     | Noticed a deep elf pyromancer
  9324 | D:12     | Noticed an ogre mage
  9340 | D:12     | Killed an ogre mage
  9344 | D:12     | Noticed a boulder beetle
  9372 | D:12     | Killed a boulder beetle
  9389 | D:12     | Noticed a two-headed ogre
  9391 | D:12     | Noticed an eight-headed hydra
  9403 | D:12     | Killed a four-headed hydra
  9422 | D:12     | Found a shimmering altar of Xom.
  9478 | D:12     | Noticed a two-headed ogre
  9485 | D:12     | Killed a two-headed ogre
  9493 | D:12     | Killed a boulder beetle
  9493 | D:12     | Received a gift from Okawaru
  9494 | D:12     | Reached skill level 9 in Axes
  9509 | D:12     | Noticed Fannar
  9729 | D:12     | Killed a deep elf pyromancer
  9834 | D:12     | Killed Fannar
  9889 | D:12     | Noticed a skeletal warrior
  9890 | D:12     | Noticed a skeletal warrior
  9899 | D:12     | Killed a skeletal warrior
  9906 | D:12     | Killed a skeletal warrior
  9970 | D:12     | Noticed a skeletal warrior
  9976 | D:12     | Killed a skeletal warrior
  9977 | D:12     | Gained mutation: You have a pair of large antennae on your
                  | head. (SInv) [demonic ancestry]
  9977 | D:12     | Reached XP level 12. HP: 94/94 MP: 16/16
 10083 | D:12     | Reached skill level 10 in Axes
 10084 | D:12     | Found a staircase to the Orcish Mines.
 10313 | D:13     | Annihilated by a large slime creature

Illustrated notes

Levels and vault maps discovered:
D:1:      lemuel_arrival_muddy, layout_loops_ring,
          ebering_ecumenical_altar_hall, minmay_tiny_reverse_x
D:2:      layout_loops_ring, kennysheep_generic_room_7, uniq_natasha
D:3:      layout_basic, serial_corexii_hall, corexii_hall_statues_deadend,
          chequers_hall_statues_corner_a, minmay_divided_ellipse
D:4:      layout_gridville, ashenzari_altar_1, nicolae_overflow_crystal_walls,
          ebering_ghost_disaster_area, minmay_splitting_lines
D:5:      layout_basic, fedhas_altar_2, minmay_temple_entry_butterflies,
          dk_noncrumbling_3, uniq_pikel
D:6:      layout_basic, uniq_grinder
D:7:      layout_loops_cross
D:8:      layout_cave_pools, serial_shops, shop,
          hangedman_abyss_or_decor_stagger, minmay_misc_feat_x
D:9:      layout_basic, minitemple, serial_shops, nicolae_diamond_shop
D:10:     layout_irregular_city
D:11:     layout_stronghold, david_lair_generic
D:12:     layout_cave_pools, david_orc_4, serial_glass, glass_columns_a,
          glass_columns_a, tgw_xom, uniq_fannar
D:13:     layout_stronghold, grunt_vaults_entry_fortified, serial_shops,
          nicolae_shop_waterfront
Temple:   minmay_temple_bridge_abc

Skill      XL: |  1  2  3  4  5  6  7  8  9 10 11 12 |
---------------+-------------------------------------+-----
Maces & Flails | 2 3 |  3.9
Shields        | 3 4 5 6 7 8 |  8.0
Armour         | 3 4 5 6 7 8 |  8.0
Dodging        | 1 2 3 4 5 6 |  6.1
Fighting       | 4 5 6 7 8 |  8.8
Axes           | 1 3 4 6 7 9 10 | 10.0
Invocations    | 3 5 6 |  6.0

Action                   |  1- 3 |  4- 6 |  7- 9 | 10-12 || total
-------------------------+-------+-------+-------+-------++-------
Melee: Flail             |    83 |   108 |       |       ||   191
       Hand axe          |       |    32 |   246 |   174 ||   452
       Broad axe         |       |       |       |   143 ||   143
Invok: Heroism           |       |       |       |     3 ||     3
       Finesse           |       |       |       |     1 ||     1
  Use: Scroll            |     2 |    10 |     2 |     8 ||    22
       Potion            |       |     1 |       |     3 ||     4
Armor: Scale mail        |    59 |    22 |       |       ||    81
       Chain mail        |       |    38 |    83 |   102 ||   223
Dodge: Dodged            |    46 |    26 |    52 |    88 ||   212
Block: Buckler           |    23 |       |       |       ||    23
       Kite shield       |    10 |   114 |   240 |   312 ||   676
